 Dungeon Crawl Stone Soup version 0.30.1-11-g7821555f0a (webtiles) character file.

Game seed: 11559327003381938615

2942 SacredBeard the Reanimator (level 9, -1/62 (63) HPs)
             Began as a Demonspawn Necromancer on Nov 13, 2023.
             Slain by an orc warrior
             ... wielding a +1 short sword of holy wrath
              (5 damage)
             ... on level 9 of the Dungeon.
             The game lasted 00:32:49 (9142 turns).

SacredBeard the Reanimator (Demonspawn Necromancer) Turns: 9142, Time: 00:32:50

HP:   -1/62 (63)    AC:  8    Str: 21    XL:     9   Next: 51%
MP:   11/20         EV: 12    Int: 21    God:
Gold: 325           SH:  0    Dex: 13    Spells: 17/22 levels left

rFire   . . .        G - +2 dagger (drain)
rCold   . . .        (no shield)
rNeg    . . .        q - +0 leather armour
rPois   .            (no helmet)
rElec   .            (no cloak)
rCorr   .            n - +0 pair of gloves
SInv    .            O - +1 pair of boots {Stlth+}
Will    .....        (no amulet)
Stlth   ++           g - +6 ring of strength
HPRegen 0.30/turn    H - +6 ring of strength
MPRegen 0.17/turn

%: no passive effects
@: confused, animating dead, lightly drained
A: claws 1, icy blue scales 1, ignite blood 3, demonic magic 1
a: no special abilities


You were on level 9 of the Dungeon.
You visited 1 branch of the dungeon, and saw 9 of its levels.
You also visited: Sewer.

You collected 416 gold pieces.
You spent 91 gold pieces at shops.

Inventory:

Hand Weapons
 D - a +4 spear of freezing
 G - a +2 dagger of draining (weapon)
 I - a +3 falchion
Missiles
 f - 61 stones
 l - 10 poisoned darts
 C - 6 curare-tipped darts
 J - 3 boomerangs
 Q - 6 javelins
Armour
 n - a +0 pair of gloves (worn)
 q - a +0 leather armour (worn)
 O - a +1 pair of boots of stealth (worn)
Jewellery
 g - a +6 ring of strength (left hand)
 w - a ring of protection from cold
 z - a ring of resist corrosion
 H - a +6 ring of strength (right hand)
Wands
 e - a wand of light (12)
 j - a wand of paralysis (4)
Scrolls
 k - 3 scrolls of teleportation
 m - a scroll of fear
 o - 2 scrolls of enchant armour {unknown}
 p - 2 scrolls of noise {unknown}
 t - 2 scrolls of enchant weapon {unknown}
 v - a scroll of butterflies {unknown}
 y - a scroll of amnesia {unknown}
 A - a scroll of immolation {unknown}
 B - a scroll of torment {unknown}
 E - a scroll of blinking {unknown}
 F - a scroll of identify
 K - a scroll of vulnerability {unknown}
 L - a scroll of fog {unknown}
 M - a scroll of poison {unknown}
 N - a scroll of brand weapon {unknown}
Potions
 a - a potion of resistance
 b - 2 potions of magic
 c - 2 potions of mutation
 d - 2 potions of brilliance
 h - 3 potions of curing
 i - 2 potions of berserk rage
 r - a potion of lignification {unknown}
 s - 5 potions of flight
 u - 3 potions of might
 x - a potion of invisibility
 P - a potion of ambrosia {unknown}


   Skills:
 - Level 3.0 Fighting
 - Level 2.0 Throwing
 - Level 2.0 Armour
 - Level 2.0 Dodging
 - Level 3.0 Stealth
 * Level 3.4 Unarmed Combat
 + Level 7.3 Spellcasting
 + Level 9.5 Necromancy
 - Level 3.0 Evocations


You had 17 spell levels left.
You knew the following spells:

 Your Spells              Type           Power      Damage    Failure   Level
a - Necrotise             Necr           100%       1d9       1%          1
b - Animate Dead          Necr           47%        N/A       1%          4

Your spell library contained the following spells:

 Spells                   Type           Power      Damage    Failure   Level
 Vampiric Draining        Necr           47%        2d9       1%          3
 Agony                    Necr           47%        N/A       5%          5
 Ensorcelled Hibernation  Hex/Ice        14%        N/A       14%         2
 Passwall                 Tmut/Erth      5%         N/A       14%         2
 Call Canine Familiar     Summ           7%         N/A       28%         3
 Inner Flame              Hex/Fire       7%         N/A       28%         3
 Ozocubu's Armour         Ice            7%         N/A       28%         3
 Portal Projectile        Hex/Tloc       14%        N/A       28%         3
 Swiftness                Air            7%         N/A       28%         3
 Leda's Liquefaction      Hex/Erth       3%         N/A       67%         4
 Yara's Violent Unravell  Hex/Tmut       3%         3d4       95%         5
 Enfeeble                 Hex            3%         N/A       100%        7
 Malign Gateway           Summ/Tloc      3%         N/A       100%        7
 Ozocubu's Refrigeration  Ice            3%         4d8       100%        7
 Summon Horrible Things   Summ           3%         N/A       100%        8


Dungeon Overview and Level Annotations

Branches:
Dungeon (9/15) Zot: 26029  Temple (0/1) D:5           Sewer (visited)
   Lair: D:8-11         Orc: D:9-12

Altars:
Cheibriados
Fedhas
Gozag
Trog
Uskayaw

Shops:
D:4 ((*


Innate Abilities, Weirdness & Mutations

You have sharp fingernails.
You are partially covered in icy blue scales. (AC +2)
Your demonic aura causes all spilled blood to erupt in flames.
Spells you cast may paralyse adjacent enemies.


Message History

The orc wizard shouts!
The orc writhes in agony.
Malevolent energies surge around you.
The orc warrior shouts!
The orc writhes in agony!
You kill the orc!
Malevolent energies surge around you.
The dead are walking!
The orc warrior hits your orc zombie with a +1 short sword of holy wrath!
Your orc zombie convulses!
Your orc zombie is destroyed!
The orc wizard barely resists.
Malevolent energies surge around you.
The orc wizard barely resists.
Malevolent energies surge around you.
The orc wizard writhes in agony.
Malevolent energies surge around you.
The orc wizard drinks a potion.
The orc wizard seems to grow stronger.
The orc wizard writhes in agony!
Malevolent energies surge around you.
You barely miss the orc wizard.
The orc wizard is severely wounded.
The orc wizard hits you with a +0 dagger.
The orc warrior hits you with a +1 short sword of holy wrath!
You convulse.
You hit the orc wizard.
The orc wizard is almost dead.
The orc wizard closely misses you.
The orc warrior hits you with a +1 short sword of holy wrath.
You convulse.
You hit the orc wizard but do no damage.
The orc wizard is almost dead.
The orc wizard gestures at you while chanting.
The puff of flame misses you.
The orc warrior hits you with a +1 short sword of holy wrath!
You convulse!!
* * * LOW HITPOINT WARNING * * *
You barely miss the orc wizard.
The orc wizard is almost dead.
The orc wizard points at you and mumbles some strange words.
You are confused.
The orc warrior barely misses you.
You bump into the rock wall.
The orc wizard hits you but does no damage.
The orc warrior hits you with a +1 short sword of holy wrath.
You die...

#.........##'###........
#..................#####
#..................#
######.............#
#..######.....# #..#
#.....# #..# #.....#
#..# #.....# #..#
#@....#... #..#
#oo...'... #..#
#.....###.
#..######)......#
#######...............#
#.....................#
#............#''#'##..#
#............#..... ..#
########.....#.. .. .#


You could see an orc warrior and an orc wizard (strong).

Vanquished Creatures
  A wyvern (D:7)
  A steam dragon (D:8)
  2 orc warriors
  An ice beast (D:7)
  2 centaurs
  2 ogres
  A kobold brigand (D:7)
  3 bullfrogs
  A scorpion (D:5)
  11 wights
  4 howler monkeys
  3 hounds
  3 orc priests
  3 jellies
  A gnoll bouda (D:4)
  3 iguanas
  3 sleepcaps
  8 orc wizards
  A sickly merfolk siren (Sewer)
  2 howler monkey zombies (D:8)
  3 gnolls (D:4)
  A river rat (Sewer)
  9 adders
  A shadow imp (D:8)
  2 worms
  A dart slug (D:4)
  23 orcs
  13 ball pythons
  3 bats
  8 endoplasms
  9 giant cockroaches
  7 goblins
  7 hobgoblins
  2 jackals (D:4)
  4 quokkas
  7 frilled lizards
  A hobgoblin zombie (D:8)
  13 kobolds
  24 rats
194 creatures vanquished.

Vanquished Creatures (collateral kills)
  A scorpion (D:4)
  A malarious merfolk avatar (Sewer)
  A dart slug (D:4)
  An orc (D:8)
  A hobgoblin (D:8)
  2 jackals (D:4)
  3 kobolds (D:2)
  3 rats (Sewer)
13 creatures vanquished.

Vanquished Creatures (others)
  A centaur zombie (D:8)
  3 orc zombies
4 creatures vanquished.

Grand Total: 211 creatures vanquished

Notes
Turn   | Place    | Note
-------+----------+-------------------------------------------
     0 | D:1      | SacredBeard the Demonspawn Necromancer began the quest for
                  | the Orb.
     0 | D:1      | Reached XP level 1. HP: 13/13 MP: 3/3
   270 | D:1      | Gained mutation: You are partially covered in icy blue
                  | scales. (AC +2) [demonic ancestry]
   270 | D:1      | Reached XP level 2. HP: 19/19 MP: 0/5
  1165 | D:2      | Gained mutation: Your demonic aura sometimes causes spilled
                  | blood to erupt in flames. [demonic ancestry]
  1165 | D:2      | Reached XP level 3. HP: 25/25 MP: 2/6
  1747 | D:2      | Reached XP level 4. HP: 31/31 MP: 3/7
  2157 | D:3      | Reached skill level 5 in Necromancy
  2202 | D:3      | Reached skill level 1 in Fighting
  2272 | D:3      | Found a glowing drain.
  2281 | Sewer    | Entered a sewer
  2457 | Sewer    | Reached skill level 1 in Throwing
  2496 | Sewer    | Reached skill level 1 in Armour
  2648 | Sewer    | Gained mutation: Your demonic aura often causes spilled
                  | blood to erupt in flames. [demonic ancestry]
  2648 | Sewer    | Reached XP level 5. HP: 37/37 MP: 6/9
  2708 | Sewer    | Reached skill level 1 in Evocations
  3464 | D:4      | Found Larrianish's General Store.
  3464 | D:4      | Found Putonaa's Weapon Shop.
  3464 | D:4      | Found Wureufon's Antique Weapon Shop.
  3466 | D:4      | Bought a scroll of teleportation for 39 gold pieces
  3466 | D:4      | Bought a scroll of identify for 26 gold pieces
  3466 | D:4      | Bought a scroll of identify for 26 gold pieces
  3549 | D:4      | Reached XP level 6. HP: 35/43 MP: 0/10
  4187 | D:5      | Entered Level 5 of the Dungeon
  4193 | D:5      | Gained mutation: Your demonic aura causes all spilled blood
                  | to erupt in flames. [demonic ancestry]
  4193 | D:5      | Reached XP level 7. HP: 34/50 MP: 6/12
  4324 | D:5      | Reached skill level 6 in Necromancy
  4687 | D:5      | Found a hide-covered altar of Uskayaw.
  4944 | D:5      | Found a staircase to the Ecumenical Temple.
  5633 | D:6      | Found an opulent altar of Gozag.
  5870 | D:6      | Gained mutation: Spells you cast may paralyse adjacent
                  | enemies. [demonic ancestry]
  5870 | D:6      | Reached XP level 8. HP: 57/57 MP: 13/15
  5880 | D:6      | Learned a level 4 spell: Animate Dead
  5924 | D:6      | Reached skill level 5 in Spellcasting
  5924 | D:6      | Reached skill level 7 in Necromancy
  6800 | D:7      | Reached skill level 8 in Necromancy
  7066 | D:7      | Gained mutation: You have sharp fingernails. [demonic
                  | ancestry]
  7066 | D:7      | Reached XP level 9. HP: 33/62 MP: 10/19
  7071 | D:7      | Reached skill level 9 in Necromancy
  7227 | D:7      | Found a blossoming altar of Fedhas.
  7228 | D:7      | Found a snail-covered altar of Cheibriados.
  7381 | D:7      | Reached skill level 1 in Unarmed Combat
  8917 | D:9      | Found a bloodstained altar of Trog.
  9142 | D:9      | Slain by an orc warrior

Illustrated notes

Levels and vault maps discovered:
D:1:      evilmike_arrival_crescent, layout_loops_ring
D:2:      layout_rooms
D:3:      layout_loops_ring, portal_sewer_entry_d
D:4:      layout_rooms, nicolae_shop_distant_corner_stores
D:5:      layout_rooms, mainiacjoe_overflow_cross_hatched,
          minmay_temple_entry_drinking_statues, kennysheep_small_circle
D:6:      layout_rooms, mainiacjoe_overflow_concentric_impassable
D:7:      layout_rooms, gammafunk_temple_overflow_statue
D:8:      layout_basic, enter_bailey_4
D:9:      layout_irregular_city, lemuel_tele_altar

Skill      XL: |  1  2  3  4  5  6  7  8  9 |
---------------+----------------------------+-----
Dodging        | 2 |  2.0
Stealth        | 2 3 |  3.0
Necromancy     | 5 6 8 9 |  9.5
Fighting       | 1 2 3 |  3.0
Throwing       | 1 2 |  2.0
Armour         | 1 2 |  2.0
Evocations     | 1 2 3 |  3.0
Spellcasting   | 3 4 6 7 |  7.3
Unarmed Combat | 3 |  3.4

Action                     |  1- 3 |  4- 6 |  7- 9 || total
---------------------------+-------+-------+-------++-------
  Melee: Unarmed           |    13 |       |       ||    13
         Whip              |     5 |       |       ||     5
         Dagger            |    17 |    20 |    58 ||    95
         Punch             |     1 |       |     1 ||     2
  Throw: Stone             |     1 |       |     5 ||     6
         Dart              |       |       |     2 ||     2
   Cast: Necrotise         |    71 |   139 |   208 ||   418
         Animate Dead      |       |       |     3 ||     3
  Evoke: Wand              |       |       |    14 ||    14
    Use: Scroll            |       |     6 |     5 ||    11
   Stab: Paralysed         |       |       |     7 ||     7
         Invisible         |       |       |     2 ||     2
 Armour: Robe              |     9 |       |       ||     9
         Leather armour    |       |    13 |    23 ||    36
  Dodge: Dodged            |    17 |    27 |    72 ||   116
